[ AOE2 MATCH · #507942972 ]
UnrankedPoles vs Bohemians
Player's team · LOSS
Rival team · WIN
[ REPLAY ANALYSIS · EXTRACTED FROM THE RECORDED GAME ]
Feudal
8:52
Castle
21:18
Imperial
—
| APM avg | 34.3 |
| APM peak | 73 |
| eAPM avg | 17.8 |
| Villagers / military | 51 / 16 |
Focus
⚔️ 25.8% · 🌾 74.2%
Scout Cavalry ×10 · Monk ×3 · Mangonel ×3
Feudal
10:55
Castle
14:58
Imperial
—
| APM avg | 32.5 |
| APM peak | 73 |
| eAPM avg | 16.6 |
| Villagers / military | 47 / 16 |
Focus
⚔️ 28.2% · 🌾 71.8%
Hussite Wagon ×7 · Monk ×3 · Mangonel ×3 · Spearman ×2 · Battering Ram ×1
Match map
Initial resources + every placement click. Lines = walls · curves = elevation contours. ◆ gold · ⬟ stone · ● berries · ✦ relic · ◌ wall gap
Your base· ✓ Closed at 21:18 · 0t walls · 2 gate(s)
IWUDJA's base· ✓ Closed at 14:58 · 25t walls · 4 gate(s)
Smoothed initial terrain · ◌ = detected wall gap · hover for details
Inputs per minute
— jimmyjedi - - IWUDJA
Build order — jimmyjedi
131 actions detected in the replay
| 0:01 | Create | Villager (Male) |
| 0:01 | Create | Villager (Male) |
| 0:01 | Create | Villager (Male) |
| 0:01 | Create | Villager (Male) |
| 0:03 | Build | House |
| 0:04 | Build | House |
| 1:27 | Create | Villager (Male) |
| 1:51 | Create | Villager (Male) |
| 1:53 | Build | Lumber Camp |
| 2:21 | Create | Villager (Male) |
| 2:21 | Create | Villager (Male) |
| 2:47 | Create | Villager (Male) |
| 3:11 | Create | Villager (Male) |
| 3:27 | Build | Mill |
| 3:34 | Create | Villager (Male) |
| 4:07 | Create | Villager (Male) |
| 4:07 | Create | Villager (Male) |
| 4:46 | Create | Villager (Male) |
| 4:46 | Create | Villager (Male) |
| 5:08 | Create | Villager (Male) |
| 5:08 | Research | Loom |
| 6:42 | Research | Feudal Age |
| 6:50 | Build | House |
| 7:33 | Build | Mining Camp |
| 7:44 | Create | Villager (Male) |
| 8:52 | Age | Feudal Age |
| 8:54 | Build | Watch Tower |
| 8:58 | Research | Double-Bit Axe |
| 9:01 | Build | Blacksmith |
| 9:12 | Create | Villager (Male) |
| 9:40 | Create | Villager (Male) |
| 9:47 | Research | Fletching |
| 9:49 | Create | Villager (Male) |
| 10:09 | Build | Mill |
| 10:27 | Create | Villager (Male) |
| 10:28 | Create | Villager (Male) |
| 10:44 | Create | Villager (Male) |
| 11:00 | Build | Watch Tower |
| 11:16 | Create | Villager (Male) |
| 12:04 | Create | Villager (Male) |
| 12:17 | Create | Villager (Male) |
| 12:17 | Create | Villager (Male) |
| 12:29 | Research | Horse Collar |
| 12:35 | Build | Farm |
| 12:55 | Build | Farm |
| 12:59 | Build | House |
| 13:03 | Build | House |
| 13:05 | Build | Farm |
| 13:06 | Create | Villager (Male) |
| 13:09 | Build | Farm |
| 13:26 | Build | Watch Tower |
| 13:34 | Build | Farm |
| 13:35 | Create | Villager (Male) |
| 13:49 | Build | Farm |
| 13:59 | Create | Villager (Male) |
| 14:19 | Create | Villager (Male) |
| 14:35 | Build | Farm |
| 14:37 | Build | Farm |
| 14:39 | Build | Farm |
| 14:41 | Create | Villager (Male) |
| 15:17 | Create | Villager (Male) |
| 15:22 | Build | Market |
| 15:26 | Create | Villager (Male) |
| 15:28 | Build | Mining Camp |
| 15:57 | Build | Farm |
| 16:00 | Build | Farm |
| 16:11 | Create | Villager (Male) |
| 16:21 | Build | House |
| 16:32 | Create | Villager (Male) |
| 16:57 | Build | House |
| 16:58 | Build | House |
| 16:59 | Build | House |
| 17:03 | Build | Farm |
| 17:11 | Create | Villager (Male) |
| 17:28 | Build | Watch Tower |
| 17:43 | Create | Villager (Male) |
| 17:49 | Build | Lumber Camp |
| 18:38 | Research | Castle Age |
| 18:59 | Research | Gold Mining |
| 19:02 | Build | Barracks |
| 19:28 | Build | House |
| 19:31 | Create | Villager (Male) |
| 19:34 | Research | Scale Barding Armor |
| 19:37 | Build | House |
| 19:38 | Build | House |
| 19:49 | Build | Stable |
| 20:11 | Create | Villager (Male) |
| 20:31 | Build | Stable |
| 20:34 | Create | Scout Cavalry |
| 20:45 | Build | House |
| 20:47 | Build | House |
| 20:48 | Build | House |
| 21:00 | Create | Villager (Male) |
| 21:03 | Create | Scout Cavalry |
| 21:12 | Create | Scout Cavalry |
| 21:12 | Create | Scout Cavalry |
| 21:14 | Build | House |
| 21:18 | Age | Castle Age |
| 21:25 | Create | Scout Cavalry |
| 21:30 | Build | Siege Workshop |
| 21:46 | Create | Villager (Male) |
| 21:55 | Build | House |
| 22:01 | Create | Villager (Male) |
| 22:07 | Build | Monastery |
| 22:25 | Research | Heavy Plow |
| 22:34 | Create | Monk |
| 22:53 | Build | House |
| 22:55 | Create | Villager (Male) |
| 23:15 | Build | Castle |
| 23:18 | Create | Mangonel |
| 23:33 | Create | Villager (Male) |
| 23:53 | Build | Lumber Camp |
| 23:55 | Create | Villager (Male) |
| 24:48 | Create | Villager (Male) |
| 24:53 | Create | Scout Cavalry |
| 24:53 | Create | Scout Cavalry |
| 26:10 | Create | Scout Cavalry |
| 26:10 | Create | Scout Cavalry |
| 26:10 | Create | Scout Cavalry |
| 26:11 | Create | Villager (Male) |
| 26:11 | Create | Villager (Male) |
| 26:11 | Create | Villager (Male) |
| 26:14 | Build | House |
| 26:22 | Create | Mangonel |
| 26:23 | Create | Mangonel |
| 26:24 | Create | Monk |
| 26:24 | Create | Monk |
| 26:27 | Build | House |
| 26:35 | Build | Mining Camp |
| 26:57 | Build | Mining Camp |
| 27:24 | Create | Villager (Male) |
Build order — IWUDJA
127 actions detected in the replay
| 0:00 | Create | Villager (Male) |
| 0:00 | Create | Villager (Male) |
| 0:00 | Create | Villager (Male) |
| 0:02 | Build | House |
| 0:03 | Build | House |
| 0:10 | Create | Villager (Male) |
| 1:38 | Create | Villager (Male) |
| 1:52 | Build | Palisade Gate |
| 1:57 | Build | Palisade Wall |
| 2:00 | Create | Villager (Male) |
| 2:00 | Create | Villager (Male) |
| 2:13 | Build | Palisade Gate |
| 2:15 | Build | Palisade Wall |
| 2:16 | Build | Palisade Wall |
| 2:17 | Build | Palisade Wall |
| 2:18 | Build | Palisade Wall |
| 2:19 | Build | Palisade Wall |
| 2:22 | Create | Villager (Male) |
| 2:49 | Create | Villager (Male) |
| 3:06 | Create | Villager (Male) |
| 3:27 | Build | House |
| 3:35 | Build | House |
| 3:35 | Create | Villager (Male) |
| 3:50 | Create | Villager (Male) |
| 4:24 | Build | Lumber Camp |
| 4:27 | Create | Villager (Male) |
| 4:49 | Create | Villager (Male) |
| 4:50 | Create | Villager (Male) |
| 5:14 | Create | Villager (Male) |
| 5:32 | Build | Mill |
| 5:38 | Create | Villager (Male) |
| 6:09 | Create | Villager (Male) |
| 6:09 | Create | Villager (Male) |
| 6:09 | Create | Villager (Male) |
| 7:40 | Create | Villager (Male) |
| 7:43 | Create | Villager (Male) |
| 8:04 | Build | Mining Camp |
| 8:08 | Research | Feudal Age |
| 8:35 | Build | House |
| 8:51 | Build | Farm |
| 9:00 | Build | House |
| 9:09 | Research | Loom |
| 9:10 | Create | Villager (Male) |
| 9:40 | Build | Palisade Wall |
| 9:47 | Build | House |
| 9:49 | Build | Palisade Wall |
| 10:03 | Build | Palisade Wall |
| 10:39 | Build | Palisade Wall |
| 10:40 | Build | Palisade Wall |
| 10:55 | Age | Feudal Age |
| 11:03 | Build | Blacksmith |
| 11:15 | Build | Market |
| 11:17 | Build | Palisade Wall |
| 11:53 | Create | Villager (Male) |
| 11:54 | Research | Double-Bit Axe |
| 12:12 | Build | House |
| 12:16 | Build | House |
| 12:17 | Build | House |
| 12:18 | Research | Castle Age |
| 12:31 | Build | Palisade Wall |
| 12:41 | Build | Watch Tower |
| 12:46 | Build | Palisade Wall |
| 12:59 | Build | Lumber Camp |
| 13:08 | Build | Farm |
| 13:10 | Build | Farm |
| 14:16 | Create | Villager (Male) |
| 14:39 | Build | Mining Camp |
| 14:58 | Age | Castle Age |
| 15:03 | Build | Siege Workshop |
| 15:08 | Create | Villager (Male) |
| 15:26 | Build | Farm |
| 15:43 | Create | Mangonel |
| 15:43 | Create | Mangonel |
| 15:47 | Create | Villager (Male) |
| 16:05 | Build | Farm |
| 16:10 | Build | Farm |
| 16:25 | Create | Villager (Male) |
| 16:57 | Create | Villager (Male) |
| 17:28 | Create | Villager (Male) |
| 18:43 | Create | Villager (Male) |
| 18:43 | Create | Villager (Male) |
| 19:16 | Create | Villager (Male) |
| 19:24 | Research | Bow Saw |
| 19:28 | Research | Horse Collar |
| 19:34 | Create | Villager (Male) |
| 19:48 | Build | Stone Wall |
| 19:49 | Create | Villager (Male) |
| 19:51 | Build | Farm |
| 19:53 | Build | Farm |
| 20:12 | Create | Villager (Male) |
| 20:15 | Build | Farm |
| 20:23 | Create | Villager (Male) |
| 20:50 | Build | House |
| 21:03 | Build | Farm |
| 21:04 | Build | Farm |
| 21:06 | Create | Villager (Male) |
| 21:28 | Build | Castle |
| 21:47 | Build | Monastery |
| 21:49 | Create | Villager (Male) |
| 22:08 | Build | Farm |
| 22:10 | Create | Villager (Male) |
| 22:33 | Create | Villager (Male) |
| 22:41 | Create | Hussite Wagon |
| 22:41 | Create | Hussite Wagon |
| 22:42 | Create | Hussite Wagon |
| 22:42 | Create | Hussite Wagon |
| 22:45 | Create | Villager (Male) |
| 22:49 | Create | Monk |
| 22:51 | Research | Fervor |
| 22:57 | Create | Villager (Male) |
| 23:14 | Research | Wheelbarrow |
| 23:15 | Create | Villager (Male) |
| 23:28 | Research | Redemption |
| 24:42 | Create | Hussite Wagon |
| 24:57 | Create | Monk |
| 25:33 | Create | Hussite Wagon |
| 25:56 | Create | Hussite Wagon |
| 26:13 | Build | Barracks |
| 26:14 | Create | Villager (Male) |
| 26:16 | Create | Monk |
| 26:25 | Create | Battering Ram |
| 26:27 | Create | Mangonel |
| 26:53 | Research | Pikeman (upgrade) |
| 26:54 | Create | Spearman |
| 26:54 | Create | Spearman |
| 26:55 | Create | Villager (Male) |
| 26:55 | Create | Villager (Male) |
Match timeline
| 1:57 | IWUDJA · wall_segment Palisade Wall x1 |
| 2:15 | IWUDJA · wall_segment Palisade Wall x1 |
| 2:16 | IWUDJA · wall_segment Palisade Wall x1 |
| 2:17 | IWUDJA · wall_segment Palisade Wall x1 |
| 2:18 | IWUDJA · wall_segment Palisade Wall x1 |
| 2:19 | IWUDJA · wall_segment Palisade Wall x1 |
| 8:52 | jimmyjedi · age_up feudal |
| 9:40 | IWUDJA · wall_segment Palisade Wall x6 |
| 9:49 | IWUDJA · wall_segment Palisade Wall x1 |
| 10:03 | IWUDJA · wall_segment Palisade Wall x4 |
| 10:39 | IWUDJA · wall_segment Palisade Wall x3 |
| 10:40 | IWUDJA · wall_segment Palisade Wall x1 |
| 10:55 | IWUDJA · age_up feudal |
| 11:17 | IWUDJA · wall_segment Palisade Wall x1 |
| 12:31 | IWUDJA · wall_segment Palisade Wall x1 |
| 12:46 | IWUDJA · wall_segment Palisade Wall x2 |
| 14:58 | IWUDJA · age_up castle |
| 15:03 | IWUDJA · first_building Siege Workshop |
| 15:40 | IWUDJA · first_market_buy 100 wood |
| 19:02 | jimmyjedi · first_building Barracks |
| 19:48 | IWUDJA · wall_segment Stone Wall x1 |
| 19:49 | jimmyjedi · first_building Stable |
| 21:18 | jimmyjedi · age_up castle |
| 21:28 | IWUDJA · first_building Castle |
| 21:30 | jimmyjedi · first_building Siege Workshop |
| 21:47 | IWUDJA · first_building Monastery |
| 22:05 | jimmyjedi · first_market_buy 100 wood |
| 22:07 | jimmyjedi · first_building Monastery |
| 23:15 | jimmyjedi · first_building Castle |
| 23:23 | IWUDJA · first_market_sell 100 wood |
| 26:13 | IWUDJA · first_building Barracks |
| 27:44 | jimmyjedi · resign |
[ AI ANALYSIS · 1 CREDIT ]
What really happened in this match?
Wolo.gg analyzes every decision: build order, eco, micro, common mistakes by bracket. Personalized analysis on WhatsApp or Discord in 30 seconds.
Civ guide
Poles
Perfil
Jugador #1516626